 Dungeon Crawl Stone Soup version 0.29.1-1-gd02db6906a (webtiles) character file.

Game seed: 13208974902492060950

75 corgi the Sneak (level 4, -4/29 HPs)
             Began as a Kobold Delver on Oct 14, 2022.
             Slain by Natasha (7 damage)
             ... on level 2 of the Dungeon.
             The game lasted 00:05:53 (2184 turns).

corgi the Sneak (Kobold Delver)                     Turns: 2184, Time: 00:05:53

Health: -4/29      AC:  3    Str:  9    XL:     4   Next: 55%
Magic:  4/4        EV: 15    Int: 11    God:
Gold:   67         SH:  0    Dex: 18    Spells: 3/3 levels left

rFire   . . .      SeeInvis .   a - +0 short sword
rCold   . . .      Faith    .   (no shield)
rNeg    . . .      Spirit   .   b - +0 leather armour
rPois   .          Reflect  .   (no helmet)
rElec   .          Harm     .   (no cloak)
rCorr   .          Rampage  .   (no gloves)
Will    .....                   (no boots)
Stlth   +++++.....              (no amulet)
HPRegen 0.09/turn               (no ring)
MPRegen 0.09/turn               (no ring)

@: no status effects
A: small, no large weapons, nightstalker 3
a: no special abilities


You were on level 2 of the Dungeon.
You visited 1 branch of the dungeon, and saw 5 of its levels.

You collected 67 gold pieces.

Inventory:

Hand Weapons
 a - a +0 short sword (weapon)
 j - a +0 long sword
Armour
 b - a +0 leather armour (worn)
Wands
 g - a wand of digging (3)
Scrolls
 c - a scroll of fog
 d - a scroll of magic mapping
 e - a scroll of fear
 h - a scroll of immolation {unknown}
 m - 2 scrolls of blinking {unknown}
 n - a scroll of identify {unknown}
Potions
 f - 2 potions of haste
 i - a potion of berserk rage {unknown}
 k - 3 potions of attraction {unknown}
 l - 2 potions of heal wounds {unknown}


   Skills:
 + Level 3.9 Fighting
 + Level 3.7 Short Blades
 + Level 3.3 Dodging
 + Level 7.2 Stealth


You had 3 spell levels left.
You didn't know any spells.
Your spell library was empty.

Dungeon Overview and Level Annotations

Branches:
Dungeon (5/15)
 Temple: D:4-7

Altars:
Hepliaklqana

Annotations:
D:2 Natasha


Innate Abilities, Weirdness & Mutations

You are small and have problems with some larger weapons.
You are completely attuned to the shadows.


Message History

There is an open door, spattered with blood here.
k - 3 white potions (gained 1)
You now have 67 gold pieces (gained 12).
n - a scroll labelled FETZIUFUKH You open the door.
There is an open door here.
There is an open door here.
There is an open door here.
There is an open door here.
Natasha, Servant of Life and Death comes into view.
You barely miss Natasha.
Natasha hisses angrily.
Natasha claws you.
You completely miss Natasha. Natasha claws you.
You barely miss Natasha. Natasha claws you but does no damage.
You closely miss Natasha. Natasha closely misses you.
You miss Natasha. Natasha claws you.
You hit Natasha but do no damage. Natasha misses you.
You hit Natasha but do no damage. Natasha claws you.
You are too injured to fight recklessly!
You are too injured to fight recklessly!
You hit Natasha.
Natasha is lightly wounded.
Natasha misses you.
You closely miss Natasha.
Natasha is lightly wounded.
Natasha closely misses you.
You closely miss Natasha.
Natasha is lightly wounded.
Natasha claws you.
You hit Natasha but do no damage.
Natasha is lightly wounded.
Natasha claws you.
You closely miss Natasha.
Natasha is lightly wounded.
Natasha claws you.
* * * LOW HITPOINT WARNING * * *
Natasha claws you!
You die...

.#...# #.##<# #.#.# .#...#
#.##.# #.# .##'## #.##.# #.#
..#.# #.##.# #.# ###.# #.##.#
#.# #.##### .####.##.# #.#
###...... .'....##.# #.#
....#######. ###..##.# #.#
...........# #.@.....#####.#
###.######.####h#.........#.#
#...............#.#######.#.#
#.#.###.##.######.# #.#.#
#.#.######.# #.#######.#.# .
#......†.# #.......#.#.#
#################.#####.#.#.#
#.........................#.#
#.#####################.###.#


You could see Natasha.

Vanquished Creatures
  Natasha (D:2)
  2 adders (D:2)
  2 dart slugs (D:1)
  4 endoplasms
  2 giant cockroaches
  3 goblins
  2 hobgoblins
  4 kobolds
  A ball python (D:4)
  2 bats
  2 frilled lizards
  4 rats
29 creatures vanquished.

Notes
Turn   | Place    | Note
-------+----------+-------------------------------------------
     0 | D:5      | corgi the Kobold Delver began the quest for the Orb.
     0 | D:5      | Reached XP level 1. HP: 14/14 MP: 1/1
     8 | D:5      | Noticed a gnoll bouda
    20 | D:5      | Noticed a hound
   188 | D:4      | Noticed an iguana
   219 | D:4      | Found a hazy altar of Hepliaklqana.
   561 | D:1      | Reached XP level 2. HP: 9/19 MP: 2/2
  1048 | D:1      | Reached XP level 3. HP: 23/23 MP: 3/3
  1387 | D:2      | Reached skill level 7 in Stealth
  1460 | D:2      | Reached XP level 4. HP: 10/29 MP: 4/4
  1668 | D:2      | Noticed Natasha
  1680 | D:2      | Killed Natasha
  2169 | D:2      | Noticed Natasha
  2184 | D:2      | Slain by Natasha

Illustrated notes

Levels and vault maps discovered:
D:1:      dpeg_arrival_pits, layout_loops_ring
D:2:      layout_basic, dreamdust_ecumenical_altar_angels_and_demons,
          uniq_natasha
D:3:      layout_basic, serial_shops, shop_fountains,
          hangedman_decor_clover_reticule, uniq_robin
D:4:      dreamdust_elfheim, layout_layer_cave, mainiacjoe_overflow_boulevard,
          lemuel_crystal_altar, feat_on_display
D:5:      layout_cave_pools, mainiacjoe_overflow_six_doors_small,
          minmay_temple_entry_statues_fountains, skrybe_limestone_x,
          uniq_eustachio

Skill      XL: |  1  2  3 |
---------------+----------+-----
Short Blades   | 3 |  3.7
Dodging        | 3 |  3.3
Stealth        | 7 |  7.2
Fighting       | |  3.9

Action                   |  1- 3 |  4- 6 || total
-------------------------+-------+-------++-------
Melee: Short sword       |    76 |    25 ||   101
       Punch             |     1 |       ||     1
 Stab: Sleeping          |    16 |     2 ||    18
Armor: Leather armour    |    17 |     2 ||    19
Dodge: Dodged            |    33 |     8 ||    41
